 Dungeon Crawl Stone Soup version 0.23-b1-84-g6588a6b (webtiles) character file.

Game seed: 444915463518852886

261 Fang the Cudgeler (level 6, -1/39 HPs)
             Began as a Gargoyle Berserker on Feb 8, 2019.
             Was a Believer of Trog.
             Slain by an orc
             ... wielding a +0 flail
              (6 damage)
             ... on level 4 of the Dungeon.
             The game lasted 00:02:37 (2275 turns).

Fang the Cudgeler (Gargoyle Berserker)              Turns: 2275, Time: 00:02:37

Health: -1/39      AC:  6    Str: 22    XL:     6   Next: 18%
Magic:  15/15      EV: 12    Int:  8    God:    Trog [**....]
Gold:   184        SH:  0    Dex:  9    Spells: 5/5 levels left

rFire    . . .     SeeInvis .   a - +0 mace
rCold    . . .     Gourm    .   (no shield)
rNeg     + . .     Faith    .   b - +0 animal skin
rPois    ∞         Spirit   .   (no helmet)
rElec    +         Reflect  .   (no cloak)
rCorr    .         Harm     .   (no gloves)
MR       .....                  (no boots)
Stlth    +.........             (no amulet)
HPRegen  0.13/turn              o - ring of attention (curse)
MPRegen  0.14/turn              q - ring of magical power

@: no status effects
A: negative energy resistance 1, electricity resistance, unbreathing,
petrification resistance, rot immunity, AC +4
a: Berserk, Trog's Hand, Renounce Religion


You were on level 4 of the Dungeon.
You worshipped Trog.
Trog was pleased with you.
You were near starving.

You visited 1 branch of the dungeon, and saw 4 of its levels.

You collected 184 gold pieces.

Inventory:

Hand Weapons
 a - a +0 mace (weapon)
Armour
 b - a +0 animal skin (worn)
Jewellery
 o - a cursed ring of attention (left hand)
 q - a ring of magical power (right hand)
Scrolls
 e - a scroll of immolation {unknown}
 g - 4 scrolls of teleportation {unknown}
 h - 5 scrolls of identify {unknown}
 k - a scroll of fear {unknown}
 m - 3 scrolls of blinking {unknown}
 p - a scroll of fog {unknown}
 s - a scroll of remove curse {unknown}
Potions
 d - a potion of ambrosia {unknown}
 f - 2 potions of degeneration {unknown}
 i - 2 potions of heal wounds {unknown}
 j - a potion of berserk rage {unknown}
 l - 2 potions of brilliance {unknown}
 n - 2 potions of flight {unknown}
 r - a potion of curing {unknown}
Comestibles
 c - 4 rations


   Skills:
 + Level 4.5 Fighting
 + Level 5.1 Maces & Flails
 + Level 2.5 Armour
 + Level 2.4 Dodging
 + Level 1.8 Stealth


You had 5 spell levels left.
You didn't know any spells.
Your spell library was empty.

Dungeon Overview and Level Annotations

Branches:
Dungeon (4/15)
 Temple: D:4-7

Altars:
Cheibriados
Gozag
Okawaru
Ru
Trog
Vehumet
Xom
The Shining One


Innate Abilities, Weirdness & Mutations

You are resistant to torment.
Your stone body is resilient. (AC +4)
You are immune to poison.
You resist negative energy. (rN+)
You are resistant to electric shocks. (rElec)
You can survive without breathing.
You are immune to petrification.
You are immune to rotting.


Message History

You barely miss the orc. The orc hits you but does no damage.
The orc hits you with a +0 flail. The orc misses you.
The orc hits you but does no damage.
Unknown command.
You barely miss the orc. The orc hits you but does no damage.
The orc barely misses you. x2; The orc hits you but does no damage.
The orc barely misses you.
You sock the orc!
You kill the orc!
Trog accepts your kill. The orc hits you with a +0 flail.
* * * LOW HITPOINT WARNING * * *
The orc hits you.
* * * LOW HITPOINT WARNING * * *
The orc hits you but does no damage.
Unknown command.
You hit the orc.
The orc is lightly wounded.
The orc hits you but does no damage. The orc hits you with a +0 flail.
You die...

... ... #.#
#.# #.# #.#
#.###.######.#
#.....<.......
#.############
# #........
#.#o#####..
#..@.......
#.oo)......
#$.........
#..........
#..........
#..........
+....?.....
#..........


You could see 3 orcs.

Vanquished Creatures
  An orc priest (D:4)
  A bullfrog skeleton (D:2)
  An orc wizard (D:3)
  Crazy Yiuf (D:3)
  A worker ant (D:2)
  6 adders
  A worm (D:3)
  3 leopard geckos
  4 orcs
  3 giant cockroaches
  9 goblins
  3 hobgoblins
  4 jackals (D:3)
  8 kobolds
  A quokka (D:2)
  4 ball pythons
  6 bats
  3 frilled lizards
  6 rats
66 creatures vanquished.

Notes
Turn   | Place    | Note
-------+----------+-------------------------------------------
     0 | D:1      | Fang the Gargoyle Berserker began the quest for the Orb.
     0 | D:1      | Reached XP level 1. HP: 14/14 MP: 1/1
    49 | D:1      | Reached XP level 2. HP: 11/19 MP: 2/2
   658 | D:2      | Reached XP level 3. HP: 24/24 MP: 3/3
   683 | D:2      | Reached ** piety under Trog
   691 | D:2      | Found a sacrificial altar of Ru.
   726 | D:2      | Reached skill level 1 in Stealth
   759 | D:2      | Reached XP level 4. HP: 24/29 MP: 4/4
   866 | D:2      | Reached skill level 4 in Maces & Flails
   898 | D:2      | Found an opulent altar of Gozag.
  1075 | D:2      | Reached XP level 5. HP: 31/33 MP: 5/5
  1122 | D:2      | Found an iron altar of Okawaru.
  1122 | D:2      | Found a snail-covered altar of Cheibriados.
  1213 | D:2      | Found a glowing golden altar of the Shining One.
  1456 | D:3      | Found a bloodstained altar of Trog.
  1489 | D:3      | Found a runed translucent door.
  1490 | D:3      | Noticed Crazy Yiuf
  1737 | D:3      | Found a radiant altar of Vehumet.
  1737 | D:3      | Found a shimmering altar of Xom.
  2164 | D:3      | Killed Crazy Yiuf
  2263 | D:4      | Reached skill level 5 in Maces & Flails
  2263 | D:4      | Reached XP level 6. HP: 29/39 MP: 6/6
  2275 | D:4      | Slain by an orc

Skill      XL: |  1  2  3  4  5 |
---------------+----------------+-----
Fighting       | 4 |  4.5
Stealth        | 1 |  1.8
Maces & Flails | 4 5 |  5.1
Dodging        | 2 |  2.4
Armour         | |  2.5

Action                   |  1- 3 |  4- 6 || total
-------------------------+-------+-------++-------
Melee: Mace              |    70 |   145 ||   215
Invok: Berserk           |       |     1 ||     1
 Stab: Sleeping          |     3 |       ||     3
       Distracted        |     1 |       ||     1
  Eat: Chunk             |       |     4 ||     4
Armor: Animal skin       |    25 |    66 ||    91
Dodge: Dodged            |    46 |   143 ||   189
